Map: Sous-marin EC

Players

Indy

  • Race: Protoss Protoss
  • League: Master
  • Spawn Location: 11:00

Denver - Winner!

  • Race: Zerg Zerg
  • League: Grandmaster
  • Spawn Location: 5:00

Event: DreamHack SC2 Masters 2020 Winter

VOD

Have the link to the VOD?

Description

Time

  • Played on: Oct. 18, 2020, 3:21 p.m.
  • Length: 9:03

All games in this series

Show
View Real Time Build Order
Export as new Build Order

Indy Protoss 

Build Orders: 1 Gate Expand, Oracle Opening 

Get SALT Encoding   

  12  0:00  Probe  
  13  0:12  Probe  
  14  0:21  Pylon  
  14  0:24  Probe  
  15  0:39  Probe (Chrono Boost)  
  15  0:41  Gateway  
  16  0:48  Probe (Chrono Boost)  
  16  0:49  Assimilator  
  17  0:53  Probe (Chrono Boost)  
  18  1:05  Probe  
  19  1:17  Probe  
  20  1:25  Nexus  
  20  1:34  Cybernetics Core  
  20  1:36  Probe  
  21  1:43  Assimilator  
  21  1:49  Probe  
  21  1:52  Pylon  
  22  2:01  Probe  
  23  2:08  Adept (Chrono Boost)  
  23  2:13  Probe  
  26  2:19  Stargate  
  26  2:25  Probe  
  27  2:30  Adept  
  29  2:37  Probe (Chrono Boost)  
  29  2:43  Probe (Chrono Boost)  
  31  2:44  Warp Gate (Chrono Boost)  
  31  2:47  Probe (Chrono Boost)  
  31  2:50  Probe (Chrono Boost)  
  33  2:52  Probe (Chrono Boost)  
  34  3:01  Probe, Oracle (Chrono Boost)  
  34  3:05  Probe  
  39  3:10  Gateway  
  39  3:13  Probe  
  39  3:16  Gateway  
  39  3:18  Probe  
  41  3:23  Pylon  
  41  3:25  Probe  
  42  3:28  Oracle (Chrono Boost)  
  42  3:33  Probe  
  46  3:37  Pylon  
  46  3:41  Adept, Probe  
  47  3:45  Probe  
  47  3:47  Pylon  
  50  3:53  Probe  
  51  3:57  Probe  
  52  4:05  Robotics Facility  
  52  4:06  Probe  
  52  4:09  Probe  
  53  4:18  Oracle (Chrono Boost)  
  56  4:26  Adept  
  56  4:29  Nexus, Adept  
  56  4:30  Probe x2  
  62  4:32  Adept  
  62  4:35  Pylon  
  64  4:39  Assimilator  
  64  4:41  Assimilator  
  64  4:42  Probe x2  
  66  4:53  Adept x3  
  66  4:56  Probe  
  66  4:57  Probe  
  66  4:58  Shield Battery  
  74  5:03  Observer  
  75  5:08  Forge  
  75  5:09  Probe x2  
  77  5:21  Probe x2  
  76  5:33  Probe x2  
  78  5:36  Pylon  
  78  5:38  Protoss Ground Weapons Level 1 (Chrono Boost)  
  78  5:41  Immortal  
  82  5:43  Stalker x3  
  82  5:45  Probe x2 (Chrono Boost)  
  82  5:46  Probe (Chrono Boost)  
  91  5:55  Probe x2 (Chrono Boost)  
  91  5:56  Probe (Chrono Boost)  
  94  6:00  Probe x2 (Chrono Boost)  
  94  6:03  Robotics Bay  
  96  6:04  Probe  
  97  6:11  Probe  
  97  6:12  Probe  
  97  6:15  Assimilator  
  97  6:16  Assimilator, Probe  
  97  6:18  Gateway  
  100  6:23  Probe  
  100  6:25  Robotics Facility  
  101  6:32  Pylon  
  101  6:33  Pylon  
  101  6:34  Gateway  
  101  6:36  Gateway  
  101  6:38  Pylon  
  101  6:49  Warp Prism, Pylon  
  101  6:50  Pylon x2  
  101  6:53  Extended Thermal Lance  
  103  6:55  Twilight Council  
  103  6:57  Sentry x3  
  109  7:02  Probe  
  110  7:11  Colossus (Chrono Boost)  
  116  7:22  Colossus (Chrono Boost)  
  116  7:23  Gateway  
  116  7:25  Pylon  
  116  7:26  Gateway  
  116  7:29  Gateway  
  122  7:43  Gateway  
  122  7:44  Gateway  
  122  7:45  Gateway  
  122  7:49  Phoenix (Chrono Boost), Pylon  
  122  7:50  Stalker  
  122  7:51  Stalker x3  
  128  8:04  Photon Cannon  
  125  8:06  Stalker, Phoenix (Chrono Boost)  
  125  8:11  Photon Cannon  
  125  8:12  Photon Cannon  
  124  8:21  Stalker x3  
  124  8:26  Probe x3  
  130  8:29  Phoenix  
  130  8:34  Sentry  
  130  8:35  Zealot x3  
  127  8:45  Zealot  
  110  8:50  Stalker  
  110  8:51  Stalker x3  
Show
View Real Time Build Order
Export as new Build Order

Denver Zerg - Winner!

Build Orders: Hatch First, Muta Ling Bane 

Get SALT Encoding   

  12  0:00  Drone  
  13  0:12  Overlord  
  13  0:16  Drone  
  14  0:31  Drone x2  
  16  0:49  Hatchery  
  15  0:53  Drone  
  15  0:56  Drone  
  17  0:59  Drone  
  18  1:10  Extractor  
  17  1:14  Spawning Pool  
  17  1:16  Drone  
  17  1:22  Drone  
  18  1:30  Drone  
  19  1:39  Drone  
  20  1:50  Overlord  
  20  2:01  Queen x2  
  20  2:02  Zergling x4  
  26  2:11  Metabolic Boost  
  26  2:12  Drone x2  
  28  2:23  Drone x2  
  30  2:35  Hatchery  
  29  2:40  Drone  
  29  2:42  Drone  
  31  2:45  Drone  
  31  2:48  Overlord  
  32  2:54  Queen  
  34  2:59  Drone x2  
  36  3:06  Queen  
  36  3:08  Drone  
  36  3:11  Drone  
  40  3:13  Drone  
  40  3:18  Overlord  
  41  3:20  Drone  
  41  3:23  Spore Crawler  
  41  3:26  Drone  
  42  3:28  Spore Crawler  
  42  3:30  Drone  
  42  3:36  Drone x2  
  44  3:43  Drone x4  
  44  3:46  Overlord  
  48  3:50  Drone x2  
  48  3:55  Queen  
  50  3:59  Overlord  
  52  4:04  Drone, Spore Crawler  
  52  4:05  Drone  
  52  4:09  Drone x2  
  55  4:10  Drone  
  55  4:15  Overlord  
  54  4:17  Drone x2  
  54  4:18  Drone  
  54  4:23  Roach Warren  
  56  4:25  Drone x2  
  56  4:26  Drone  
  56  4:31  Lair  
  59  4:34  Queen  
  59  4:38  Drone x2  
  63  4:43  Zergling x2  
  63  4:44  Extractor, Zergling x8  
  63  4:45  Extractor  
  66  4:46  Zergling x2  
  66  4:50  Drone x3  
  66  4:52  Drone x2  
  72  4:53  Drone  
  72  4:55  Drone  
  72  4:57  Zergling x4  
  72  4:58  Zergling x2  
  77  5:04  Overlord  
  77  5:08  Zergling x4  
  79  5:14  Zergling x2  
  79  5:15  Zergling x4  
  79  5:18  Evolution Chamber  
  79  5:19  Baneling Nest  
  80  5:25  Drone x5  
  84  5:29  Drone x4  
  84  5:31  Extractor  
  87  5:37  Drone x3  
  87  5:38  Overseer  
  90  5:43  Extractor  
  90  5:44  Extractor  
  90  5:45  Drone x3, Spire  
  90  5:47  Hatchery  
  89  5:51  Zerg Missile Weapons Level 1  
  89  5:54  Overlord  
  89  5:56  Overlord x3  
  89  6:01  Spore Crawler  
  87  6:07  Glial Reconstitution  
  87  6:08  Overlord  
  86  6:11  Overlord  
  86  6:13  Overlord  
  86  6:15  Drone x9  
  95  6:19  Roach  
  97  6:26  Roach  
  97  6:27  Roach  
  97  6:32  Overlord  
  99  6:34  Roach x3  
  99  6:38  Roach  
  99  6:39  Roach x4, Overseer  
  115  6:44  Overlord  
  115  6:47  Roach  
  115  6:48  Roach  
  119  6:59  Mutalisk  
  119  7:00  Mutalisk x3  
  119  7:01  Mutalisk x3  
  127  7:04  Roach x3  
  139  7:11  Overlord x2  
  139  7:15  Roach x5  
  149  7:18  Drone, Spore Crawler  
  149  7:20  Centrifical Hooks  
  149  7:24  Zergling x2  
  149  7:25  Zergling x2  
  149  7:27  Overlord  
  150  7:33  Overlord  
  145  7:41  Zergling x18  
  154  7:45  Overlord x2  
  154  7:49  Overlord  
  154  7:52  Overlord  
  154  7:55  Drone  
  154  7:56  Drone x5  
  160  8:06  Baneling  
  160  8:07  Baneling x21  
  160  8:14  Zergling x2  
  160  8:15  Zergling x12, Roach x2  
  160  8:18  Ravager x3  
  172  8:20  Zergling x8  
  172  8:26  Ravager  
  175  8:31  Zergling x20  
  174  8:45  Zergling x8  
  174  8:46  Zergling x12  
Tags
 
Add a new tag
Caveats
  • Supply blocks, unpowered buildings, or Contaminate may cause inaccurate times.
  • Supply counts are checked every 10 seconds.